 Dungeon Crawl Stone Soup version 0.19.4-9-g45fd643 (webtiles) character file.

358 nikopol the Skirmisher (level 6, -2/58 HPs)
             Began as a Gargoyle Berserker on Feb 18, 2017.
             Was a Priest of Trog.
             Slain by Edmund
             ... wielding a +3 dire flail of holy wrath
              (4 damage)
             ... on level 4 of the Dungeon.
             The game lasted 00:04:42 (2910 turns).

nikopol the Skirmisher (Gargoyle Berserker)         Turns: 2910, Time: 00:04:43

Health: -2/58      AC: 11    Str: 26    XL:     6   Next: 64%
Magic:  2/2        EV: 11    Int:  7    God:    Trog [***...]
Gold:   194        SH:  0    Dex: 11    Spells: 0 memorised, 5 levels left

rFire  . . .     SeeInvis .     a - +1 war axe (antimagic)
rCold  . . .     Gourm    .     g - +0 scale mail
rNeg   + . .     Faith    .     (no shield)
rPois  ∞         Spirit   .     (no helmet)
rElec  +         Reflect  .     (no cloak)
rCorr  .         Harm     .     (no gloves)
MR     .....     Rnd*Tele +     (no boots)
Stlth  ..........               (no amulet)
                                (no ring)
                                h - ring of teleportation (curse)

@: berserking, very quick
A: negative energy resistance 1, electricity resistance, unbreathing,
petrification resistance, rot immunity, AC +4
a: Berserk, Trog's Hand, Burn Spellbooks, Renounce Religion


You were on level 4 of the Dungeon.
You worshipped Trog.
Trog was most pleased with you.
You were very hungry.

You visited 1 branch of the dungeon, and saw 4 of its levels.

You collected 194 gold pieces.

Inventory:

Hand Weapons
 a - a +1 antimagic war axe (weapon)
 o - a +0 hand axe
Missiles
 k - 36 arrows (quivered)
Armour
 b - a +0 animal skin
 g - a +0 scale mail (worn)
Jewellery
 h - a cursed ring of teleportation (left hand)
Scrolls
 d - 3 scrolls of identify {unknown}
 e - a scroll of magic mapping {unknown}
 f - a scroll of recharging {unknown}
 q - a scroll of remove curse {unknown}
 r - a scroll of teleportation {unknown}
 u - a scroll of noise {unknown}
Potions
 i - a potion of magic {unknown}
 j - a potion of resistance {unknown}
 l - a potion of ambrosia {unknown}
 s - 2 potions of curing {unknown}
 t - a potion of lignification {unknown}
 v - a potion of mutation {unknown}
 w - a potion of haste {unknown}
Comestibles
 c - 5 bread rations
 m - 2 meat rations
 n - 2 royal jellies
 p - 4 chunks of flesh


   Skills:
 + Level 4.7 Fighting
 * Level 4.4 Axes
 + Level 3.7 Armour
 + Level 3.0 Dodging


You had 5 spell levels left.
You didn't know any spells.

Dungeon Overview and Level Annotations

Branches:
Dungeon (4/15)             Temple (0/1) D:4

Altars:
Dithmenos
Kikubaaqudgha
Nemelex Xobeh
Uskayaw
The Shining One

Annotations:
D:4 Edmund


Innate Abilities, Weirdness & Mutations

You are resistant to torment.
Your stone body is resilient. (AC +4)
You are immune to poison.
You resist negative energy. (rN+)
You are resistant to electric shocks. (rElec)
You can survive without breathing.
You are immune to petrification.
You are immune to rotting.


Message History

You slash Edmund!
Edmund is heavily wounded.
You slice something!! Trog accepts your kill.
Reactivating autopickup.
Your Dodging skill increases to level 3!
You feel a bit more experienced.
You slash Edmund!
Edmund is severely wounded.
Edmund hits you but does no damage.
You barely miss Edmund.
Edmund is severely wounded.
Edmund says, "People think my brother is the best.
I think he's crazy."
Edmund hits you with a dire flail of holy wrath.
* * * LOW HITPOINT WARNING * * *
You slash Edmund!
Edmund is almost dead.
Edmund says, "I might not be good at magic, but I can still kill you!"
Edmund hits you with a dire flail of holy wrath.
You die...

######### #.......#
##..... ######.......#
....... .............#
...#.#. .............#
..#.#.# .............#
.#.#.#. ...........###
##..#.>.#
#####......#####.@#.#.#.
##..........@..#.#.#
#.#######......#.#. #.#
#.......... #.#
#......###. #..
......... #. #.........#
#........|# #.........#


You could see Edmund.

Vanquished Creatures
  A sky beast (D:4)
  2 orc wizards (D:3)
  Terence (D:3)
  6 adders
  2 oozes (D:3)
  An adder skeleton (D:4)
  4 worms
  4 dart slugs
  6 leopard geckos
  6 orcs (D:3)
  2 bat zombies (D:2)
  2 giant cockroaches (D:3)
  13 goblins
  7 hobgoblins
  6 jackals
  3 quokkas
  A ball python (D:2)
  7 bats
  3 frilled lizards
  2 jackal zombies (D:2)
  5 kobolds
  2 leopard gecko skeletons (D:2)
  A quokka skeleton (D:2)
  7 rats
94 creatures vanquished.

Vanquished Creatures (others)
  A frilled lizard (D:2)
1 creature vanquished.

Grand Total: 95 creatures vanquished

Notes
Turn   | Place    | Note
-------+----------+-------------------------------------------
     0 | D:1      | nikopol the Gargoyle Berserker began the quest for the Orb.
     0 | D:1      | Reached XP level 1. HP: 14/14 MP: 1/1
   184 | D:1      | Reached XP level 2. HP: 14/19 MP: 2/2
   864 | D:2      | Reached XP level 3. HP: 21/23 MP: 3/3
   868 | D:2      | Reached ** piety under Trog
  1323 | D:2      | Found a glowing golden altar of the Shining One.
  1444 | D:2      | Reached XP level 4. HP: 27/29 MP: 1/4
  1575 | D:2      | Found a shadowy altar of Dithmenos.
  1575 | D:2      | Found a hide-covered altar of Uskayaw.
  1878 | D:3      | Reached XP level 5. HP: 31/33 MP: 1/5
  1928 | D:3      | Reached *** piety under Trog
  1936 | D:3      | Noticed Terence
  1945 | D:3      | Killed Terence
  2155 | D:3      | Reached XP level 6. HP: 37/39 MP: 2/6
  2523 | D:3      | Found an ancient bone altar of Kikubaaqudgha.
  2524 | D:3      | Found a sparkling altar of Nemelex Xobeh.
  2887 | D:4      | Noticed a sky beast
  2888 | D:4      | Found a staircase to the Ecumenical Temple.
  2889 | D:4      | Noticed Edmund
  2907 | D:4      | Killed a sky beast
  2909 | D:4      | HP: 2/58 [Edmund/dire flail of holy wrath (3)]
  2910 | D:4      | Slain by Edmund

Skill      XL: |  1  2  3  4  5  6 |
---------------+-------------------+-----
Dodging        | 2 3 |  3.0
Axes           | 3 4 |  4.4
Fighting       | 4 |  4.7
Armour         | 3 |  3.7

Action                   |  1- 3 |  4- 6 || total
-------------------------+-------+-------++-------
Melee: Hand axe          |   102 |       ||   102
       War axe           |    41 |   228 ||   269
Invok: Berserk           |       |     2 ||     2
  Eat: Chunk             |     2 |     6 ||     8
Armor: Animal skin       |     9 |       ||     9
       Scale mail        |    72 |   143 ||   215
Dodge: Dodged            |   109 |   144 ||   253
